 Dungeon Crawl Stone Soup version 0.18-a0-824-g47fe746 (webtiles) character file.

744 JokEr the Insei (level 7, -8/51 HPs)
             Began as an Octopode Transmuter on Dec 17, 2015.
             Mangled by an ice beast (10 damage)
             ... on level 5 of the Dungeon.
             The game lasted 00:14:33 (7353 turns).

JokEr the Insei (Octopode Transmuter)               Turns: 7353, Time: 00:14:33

Health: -8/51      AC:  1    Str: 10    XL:     7   Next: 76%
Magic:  10/10      EV:  7    Int: 17    God:
Gold:   215        SH:  0    Dex: 12    Spells: 2 memorised, 5 levels left

rFire  . . .     SeeInvis .       - Unarmed
rCold  . . .     Gourm    .     (no shield)
rNeg   . . .     Faith    .     (helmet restricted)
rPois  .         Spirit   .     (no amulet)
rElec  .         Dismiss  .     (no ring)
rCorr  .         Reflect  .     (no ring)
SustAt .         Harm     .     (no ring)
MR     .....                    (no ring)
Stlth  ++........               (no ring)
                                (no ring)
                                (no ring)
                                (no ring)

@: not resistant to hostile enchantments, unstealthy
A: almost no armour, amphibious, 8 rings, constrict 8, camouflage 1, gelatinous
body 1
a: no special abilities


You were on level 5 of the Dungeon.
You were not hungry.

You visited 2 branches of the dungeon, and saw 6 of its levels.
You also visited: Sewer.

You collected 215 gold pieces.

Inventory:

Missiles
 a - 48 arrows
 f - 14 arrows of dispersal
 q - 13 arrows of frost
Wands
 p - a wand of flame (39)
 s - a wand of confusion (38)
Scrolls
 g - 3 scrolls of remove curse
 j - a scroll of recharging
 m - a scroll of enchant armour
 r - 3 scrolls of identify
Potions
 d - 4 potions of flight
 e - a potion of ambrosia {unknown}
 i - 2 potions of agility {unknown}
 k - 2 potions of lignification
 l - 4 potions of heal wounds
 n - 5 potions of brilliance
 o - a potion of might {unknown}
 u - 2 potions of haste {unknown}
 v - a potion of mutation {unknown}
Books
 b - a book of Changes

   Spells                             Type                      Level
   a - Beastly Appendage              Transmutation                1
   b - Sticks to Snakes               Transmutation                2
   c - Spider Form                    Transmutation/Poison         3
   d - Ice Form                       Ice/Transmutation            4
   e - Blade Hands                    Transmutation                5
Comestibles
 c - 3 bread rations
 h - 3 beef jerkies
 w - 3 royal jellies


   Skills:
 + Level 5.9 Fighting
 - Level 2.0 Dodging
 + Level 6.6 Unarmed Combat
 - Level 2.0 Spellcasting
 - Level 2.0 Transmutations


You had 5 spell levels left.
You knew the following spells:

 Your Spells              Type           Power        Failure   Level  Hunger
a - Beastly Appendage     Trmt           #.....       10%         1    #......
b - Ice Form              Ice/Trmt       #.......     95%         4    #####..


Dungeon Overview and Level Annotations

Branches:
Dungeon (5/15)             Temple (1/1) D:5

Altars:
Ashenzari
Dithmenos
Elyvilon
Gozag
Kikubaaqudgha
Makhleb
Nemelex Xobeh
Okawaru
Pakellas
Qazlal
Ru
Sif Muna
Trog
Vehumet
Xom
Yredelemnul
Zin
The Shining One


Innate Abilities, Weirdness & Mutations

You cannot wear most types of armour.
You are amphibious.
You can wear up to eight rings at the same time.
You can use your tentacles to constrict eight enemies at once.
Your skin changes colour to match your surroundings (Stealth).
Your rubbery body absorbs attacks (AC +1).


Message History

You tentacle-slap the ice beast but do no damage.
Your squeeze misses the ice beast. The ice beast hits you.
The ice beast freezes you!
You closely miss the ice beast.
You pierce the ice beast, but do no damage.
The ice beast barely misses you.
You tentacle-slap the ice beast.
The ice beast is lightly wounded.
The ice beast hits you. The ice beast freezes you!
You tentacle-slap the ice beast but do no damage.
You pierce the ice beast, but do no damage.
The ice beast is lightly wounded.
The ice beast hits you. The ice beast freezes you!
* * * LOW HITPOINT WARNING * * *
There is a stone staircase leading up here.
Your tentacle spike disappears.
The ice beast hits you.
* * * LOW HITPOINT WARNING * * *
The ice beast freezes you!
You die...

##.........................
#.........................
##........................
##......................#
##.....................# ##
##....................# .##
##..........#........# ..##
##......Y##.....)...# ...##
##...##@...........# ....##
####.^..##........## .....#
####....#####.........##
.....###....####
#...........# .<.##....####
##...........# ##....####
#............# ...####
#............# ####
##...........## #
#............##


You could see an ice beast.

Vanquished Creatures
  A black bear (D:5)
  A big kobold (Sewer)
  3 vampire bats (D:4)
  A giant frog zombie (D:5)
  A jelly (D:4)
  2 hounds
  An orc wizard (D:4)
  Terence (D:3)
  2 worker ants
  4 gnolls (D:3)
  4 adders
  3 river rats (Sewer)
  2 oozes
  2 worms
  8 orcs
  3 bat skeletons (D:4)
  4 bat zombies (D:4)
  6 giant cockroaches
  10 hobgoblins
  A quokka (D:3)
  6 ball pythons
  A ball python skeleton (D:4)
  9 bats
  3 giant geckos
  10 giant newts
  9 goblins
  7 jackals
  23 kobolds
  25 rats
153 creatures vanquished.

Notes
Turn   | Place    | Note
--------------------------------------------------------------
     0 | D:1      | JokEr the Octopode Transmuter began the quest for the Orb.
     0 | D:1      | Reached XP level 1. HP: 13/13 MP: 3/3
   126 | D:1      | Reached XP level 2. HP: 15/18 MP: 5/5
   888 | D:1      | Reached XP level 3. HP: 16/24 MP: 6/6
  2103 | D:3      | Reached XP level 4. HP: 26/30 MP: 7/7
  2176 | D:3      | Found a glowing drain.
  2211 | Sewer    | Entered a sewer
  2228 | Sewer    | Reached skill level 4 in Unarmed Combat
  3242 | Sewer    | Reached XP level 5. HP: 36/36 MP: 8/8
  4108 | D:3      | Learned a level 4 spell: Ice Form
  4176 | D:3      | Reached skill level 5 in Unarmed Combat
  4337 | D:3      | Reached XP level 6. HP: 43/43 MP: 7/9
  4669 | D:3      | Noticed Terence
  4681 | D:3      | Killed Terence
  5141 | D:4      | Found a white marble altar of Elyvilon.
  5694 | D:4      | Found an ancient bone altar of Kikubaaqudgha.
  5708 | D:4      | Reached skill level 5 in Fighting
  5708 | D:4      | Reached XP level 7. HP: 24/50 MP: 8/10
  5920 | D:4      | Reached skill level 6 in Unarmed Combat
  6184 | D:5      | Entered Level 5 of the Dungeon
  6538 | D:5      | Found a staircase to the Ecumenical Temple.
  6564 | Temple   | Entered the Ecumenical Temple
  6794 | D:5      | Found a shattered altar of Ashenzari.
  7353 | D:5      | HP: 2/51 [ice beast (1)]
  7353 | D:5      | Mangled by an ice beast

Vault maps used:
D:1:      lightli_arrival_quake, serial_corexii_hall, corexii_hall_statues_s,
          corexii_hall_statues_t, corexii_hall_statues_deadend,
          corexii_hall_statues_x
D:2:      first_bread
D:3:      lightli_sewer_entry_pipes, lightli_corner_chamber, uniq_terence
D:4:      kennysheep_vampire_church, lemuel_round_altar
D:5:      black_bear_nest_2, cheibriados_altar_wand_db,
          minmay_temple_entry_trees, basic_altar, cheibrodos_ashenzari_chains
Temple:   lightli_temple_of_artemis
Sewer:    sewer_minmay_treatment

Action                   |  1- 3 |  4- 6 |  7- 9 || total
-------------------------+-------+-------+-------++-------
Melee: Unarmed           |    88 |   190 |    68 ||   346
 Cast: Beastly Appendage |     1 |    10 |     3 ||    14
  Use: Scroll            |     4 |     6 |     2 ||    12
       Potion            |       |     4 |       ||     4
 Stab: Sleeping          |     6 |    12 |     3 ||    21
       Distracted        |       |       |     1 ||     1
  Eat: Chunk             |     3 |    11 |     1 ||    15
       Bread ration      |       |       |     2 ||     2
